 Dungeon Crawl Stone Soup version 0.28-a0-1114-g8eb0198dcf (webtiles) character file.

Game seed: 13924959969492694411

634 Froggeryz the Grappler (level 7, 0/57 HPs)
             Began as a Ghoul Delver on Dec 11, 2021.
             Slain by a komodo dragon (7 damage)
             ... on level 4 of the Dungeon.
             The game lasted 00:05:27 (5191 turns).

Froggeryz the Grappler (Ghoul Delver)               Turns: 5191, Time: 00:05:28

Health: 0/57       AC: 10    Str: 18    XL:     7   Next: 49%
Magic:  6/6        EV:  7    Int:  5    God:
Gold:   184        SH:  0    Dex: 10    Spells: 6/6 levels left

rFire   . . .      SeeInvis .     - Unarmed
rCold   + . .      Faith    .   (no shield)
rNeg    + + +      Spirit   .   k - +0 chain mail
rPois   ∞          Reflect  .   (no helmet)
rElec   .          Harm     .   m - +0 cloak
rCorr   .          Rampage  .   (no gloves)
Will    .....                   (no boots)
Stlth   ..........              (no amulet)
HPRegen 0.00/turn               (no ring)
MPRegen 0.10/turn               (no ring)

@: attractive, flying, inhibited regen
A: claws 1, cold resistance 1, negative energy resistance 3, inhibited
regeneration, torment resistance 2
a: no special abilities


You were on level 4 of the Dungeon.
You visited 1 branch of the dungeon, and saw 5 of its levels.

You collected 184 gold pieces.

Inventory:

Missiles
 q - 3 boomerangs (quivered)
 t - 3 javelins
Armour
 k - a +0 chain mail (worn)
 m - a +0 cloak (worn)
Wands
 f - a wand of digging (3)
Scrolls
 b - 2 scrolls of fog
 c - a scroll of magic mapping
 d - a scroll of fear
 g - 2 scrolls of enchant armour {unknown}
 h - a scroll of holy word {unknown}
 i - 3 scrolls of teleportation {unknown}
 j - 3 scrolls of identify {unknown}
 p - a scroll of amnesia {unknown}
 r - a scroll of immolation {unknown}
 s - 2 scrolls of noise {unknown}
Potions
 a - a potion of attraction
 l - a potion of flight
 u - a potion of might {unknown}


   Skills:
 - Level 3.2 Fighting
 + Level 2.4 Armour
 - Level 1.7 Dodging
 - Level 5.4 Stealth
 * Level 8.3 Unarmed Combat


You had 6 spell levels left.
You didn't know any spells.
Your spell library contained the following spells:

 Spells                   Type           Power      Damage    Failure   Level
 Corpse Rot               Necr/Air       0%         N/A       100%        2
 Poisonous Vapours        Pois/Air       0%         N/A       100%        2


Dungeon Overview and Level Annotations

Branches:
Dungeon (5/15)
 Temple: D:4-7

Altars:
Fedhas
Trog
Xom
Beogh

Shops:
D:1 [   D:2 *   D:5 (

Annotations:
D:5 1 transporter


Innate Abilities, Weirdness & Mutations

You thrive by killing the living.
You are immune to poison.
You have sharp fingernails.
Your flesh is cold resistant. (rC+)
You are immune to negative energy. (rN+++)
You do not regenerate when monsters are visible.
You are immune to unholy pain and torment.


Message History

* * * LOW HITPOINT WARNING * * *
There is a stone staircase leading up here.
There is a stone staircase leading up here.
You climb upwards.
There is a stone staircase leading down, spattered with blood here.
You start resting.
Your extra speed is starting to run out.
You feel yourself slow down.
There is an open door here.
There is a stone staircase leading down here.
You start resting.
HP restored.
You climb downwards.
Level annotation: 1 transporter
There is a stone staircase leading up here.
Okay, then.
There is a stone staircase leading up here.
The komodo dragon barely misses you.
You climb upwards.
There is a stone staircase leading down, spattered with blood here.
The komodo dragon bites you but does no damage.
You scratch the komodo dragon.
The komodo dragon is lightly wounded.
The komodo dragon bites you.
You claw the komodo dragon!
The komodo dragon is moderately wounded.
The komodo dragon bites you!!
Ouch! That really hurt!
It was a potion of attraction.
You feel attractive to monsters. The komodo dragon barely misses you.
It was a potion of flight.
You feel very buoyant.
You fly up into the air.
The komodo dragon bites you but does no damage.
It was a potion of curing.
You feel better. The komodo dragon bites you!!
* * * LOW HITPOINT WARNING * * *
It was a potion of lignification.
You feel woody for a moment. The komodo dragon bites you!
You die...

.##.#.....#.# #.#.##########.##
.##.#.###.#.# #.#.# ######.#
.##.#.###.#.####.#.#####......#
.##.#<....#(..................#
.##.############.#.#####.####.#
.##............#.#.# #.# #.#
.#############.#.#.# #.# #.# .#
#.#l#.# #.# #.# .# #.#@#.# #.#
#.# .######### #.#.#.# #.# #.#
.#.......# #.#.#.#####.# #.#
.#.......#####.#.#.......# #.#
.........'........>##########.##
....[....#####.###[............#
.........# #.# #.(...........#
#........# #.#############..##
.........# #................#


You could see a komodo dragon.

Vanquished Creatures
  A water moccasin (D:4)
  An ogre (D:4)
  A bullfrog (D:4)
  A hound (D:4)
  A centaur skeleton (D:4)
  2 iguanas (D:5)
  2 orc wizards (D:3)
  A hound zombie (D:5)
  A hound skeleton (D:4)
  3 gnolls (D:2)
  5 adders
  An ufetubus (D:5)
  An adder skeleton (D:4)
  12 orcs
  7 endoplasms
  3 giant cockroaches
  12 goblins
  9 hobgoblins
  3 jackals (D:2)
  12 kobolds
  2 quokkas
  8 ball pythons
  3 bats (D:3)
  5 frilled lizards
  5 rats
102 creatures vanquished.

Vanquished Creatures (others)
  4 plants (D:2)
4 creatures vanquished.

Grand Total: 106 creatures vanquished

Notes
Turn   | Place    | Note
-------+----------+-------------------------------------------
     0 | D:5      | Froggeryz the Ghoul Delver began the quest for the Orb.
     0 | D:5      | Reached XP level 1. HP: 19/19 MP: 0/0
     6 | D:5      | Found a transporter.
    43 | D:5      | Noticed an iguana
    50 | D:4      | Noticed a bullfrog
    59 | D:4      | Reached skill level 3 in Unarmed Combat
    59 | D:4      | Reached XP level 2. HP: 8/26 MP: 1/1
   298 | D:4      | Killed a bullfrog
   299 | D:4      | Reached skill level 4 in Unarmed Combat
   299 | D:4      | Reached XP level 3. HP: 17/31 MP: 2/2
   299 | D:4      | Reached XP level 4. HP: 21/38 MP: 3/3
   442 | D:4      | Reached skill level 5 in Unarmed Combat
   476 | D:4      | Found a blossoming altar of Fedhas.
   557 | D:4      | Reached XP level 5. HP: 40/45 MP: 4/4
   701 | D:4      | Reached skill level 6 in Unarmed Combat
   991 | D:2      | Found Mena Jem's Assorted Antiques.
  1059 | D:2      | Found a shimmering altar of Xom.
  1267 | D:1      | Reached XP level 6. HP: 46/51 MP: 5/5
  1593 | D:1      | Found a faded altar of an unknown god.
  1765 | D:1      | Found Noqalos's Antique Armour Shoppe.
  2488 | D:2      | Reached skill level 7 in Unarmed Combat
  2960 | D:3      | Reached skill level 1 in Armour
  3878 | D:4      | Noticed a water moccasin
  3892 | D:4      | Killed a water moccasin
  3893 | D:4      | Reached XP level 7. HP: 36/57 MP: 6/6
  4010 | D:4      | Reached skill level 8 in Unarmed Combat
  4736 | D:5      | Found a bloodstained altar of Trog.
  4780 | D:5      | Found Surul's Firing Range.
  4824 | D:5      | Noticed a komodo dragon
  5191 | D:4      | Slain by a komodo dragon

Illustrated notes

Levels and vault maps discovered:
D:1:      dpeg_arrival_three_same_balls, layout_loops_ring,
          hellmonk_ecumenical_altar_defaced_shrine, serial_shops, shop,
          chequers_serial_rivers_small_3, hangedman_decor_push
D:2:      layout_loops_ring, serial_glass, glass_columns_c, glass_columns_a,
          glass_columns_b, glass_columns_a, glass_columns_a, glass_columns_a,
          glass_columns_c, glass_columns_b, glass_columns_b, glass_columns_a,
          serial_shops, nicolae_shop_waterfront, basic_altar,
          serial_bayou_pond_b
D:3:      layout_basic
D:4:      layout_basic, mainiacjoe_overflow_surrounded_room
D:5:      layout_rooms, trog_butcher_becter, lemuel_temple_firewalk_b,
          gammafunk_ghost_mausoleum, minmay_misc_feat_rugged,
          nicolae_shop_firing_range

Skill      XL: |  1  2  3  4  5  6  7 |
---------------+----------------------+-----
Unarmed Combat | 3 4 5 6 7 8 |  8.3
Armour         | 1 2 |  2.4
Fighting       | |  3.2
Dodging        | |  1.7
Stealth        | |  5.4

Action                   |  1- 3 |  4- 6 |  7- 9 || total
-------------------------+-------+-------+-------++-------
Melee: Unarmed           |    16 |   253 |    47 ||   316
       Punch             |       |     3 |     2 ||     5
Throw: Boomerang         |       |     1 |     3 ||     4
  Use: Potion            |       |       |     5 ||     5
Armor: Ring mail         |     7 |       |       ||     7
       Chain mail        |       |   141 |    13 ||   154
Dodge: Dodged            |     6 |    77 |    17 ||   100

Table legend: (Time is in decaauts)
 A = Elapsed time spent in this place.
 B = Non-inter-level travel time spent in this place.
 C = Inter-level travel time spent in this place.
 D = Time resting spent in this place.
 E = Time spent auto-exploring this place.
 F = Levels seen in this place.
 G = Mean time per level.
                   A        B        C        D        E       F      G
               +--------+--------+--------+--------+--------+-----+--------+
         Total |   5143 |   4969 |    174 |    847 |   3259 |   5 | 1028.6 |
       Dungeon |   5143 |   4969 |    174 |    847 |   3259 |   5 | 1028.6 |
               +--------+--------+--------+--------+--------+-----+--------+

Top non-repeatable levels by time:
     D:4: 1909 daAuts
     D:3: 1095 daAuts
     D:1: 904 daAuts
     D:2: 826 daAuts
     D:5: 407 daAuts
